 Dungeon Crawl Stone Soup version 0.25-a0-576-g50b708a4c4 (webtiles) character file.

Game seed: 11853006399994529421, levelgen mode: deterministic

235 Amnekian the Sneak (level 6, 0/42 HPs)
             Began as an Octopode Wizard on Feb 29, 2020.
             Was an Initiate of Elyvilon.
             Slain by a hound (5 damage)
             ... on level 4 of the Dungeon on Mar 1, 2020.
             The game lasted 00:30:03 (3957 turns).

Amnekian the Sneak (Octopode Wizard)                Turns: 3957, Time: 00:30:04

Health: 0/42       AC:  1    Str:  6    XL:     6   Next: 5%
Magic:  5/10       EV: 13    Int: 20    God:    Elyvilon [......]
Gold:   133        SH:  0    Dex: 13    Spells: 8/11 levels left

rFire    . . .     SeeInvis .   s - +3 dagger (protect)
rCold    . . .     Gourm    .   (no shield)
rNeg     . . .     Faith    .   a - +0 hat
rPois    .         Spirit   .   (no amulet)
rElec    .         Reflect  .   (no ring)
rCorr    .         Harm     .   (no ring)
MR       .....                  (no ring)
Stlth    ++++......             (no ring)
HPRegen  0.14/turn              (no ring)
MPRegen  0.12/turn              (no ring)
                                (no ring)
                                (no ring)

@: no status effects
A: almost no armour, stealthy swim, amphibious, 8 rings, constrict 8, camouflage
1, gelatinous body 1
a: Renounce Religion


You were on level 4 of the Dungeon.
You worshipped Elyvilon.
Elyvilon was noncommittal.
You were hungry.

You visited 2 branches of the dungeon, and saw 5 of its levels.

You collected 133 gold pieces.

Inventory:

Hand Weapons
 l - a +0 dagger
 s - a +3 dagger of protection (weapon)
Missiles
 n - 23 poisoned darts (quivered)
 o - 141 stones
Armour
 a - a +0 hat (worn)
Jewellery
 g - a +5 amulet of reflection {unknown}
Wands
 p - a wand of enslavement (1)
 q - a wand of iceblast (8)
Scrolls
 f - 3 scrolls of enchant weapon
 u - a scroll of blinking {unknown}
 w - a scroll of fog {unknown}
Potions
 d - a potion of brilliance {unknown}
 e - a potion of invisibility
 h - a potion of degeneration
 i - a potion of ambrosia
 j - a potion of curing
 k - a potion of heal wounds {unknown}
 r - a potion of flight {unknown}
 t - a potion of berserk rage {unknown}
Comestibles
 b - 7 chunks of flesh
 c - 4 rations


   Skills:
 * Level 3.0 Fighting
 - Level 2.0 Dodging
 - Level 4.7 Stealth
 - Level 3.0 Spellcasting
 - Level 2.8 Conjurations
 - Level 2.7 Summonings
   Level 1.0 Translocations


You had 8 spell levels left.
You knew the following spells:

 Your Spells              Type           Power        Failure   Level  Hunger
a - Magic Dart            Conj           ##..         4%          1    None
b - Call Imp              Summ           ##......     7%          2    ##.....

Your spell library contained the following spells:

 Spells                   Type           Power        Failure   Level  Hunger
 Blink                    Tloc           N/A          14%         2    ##.....
 Slow                     Hex            #.......     22%         2    ##.....
 Conjure Flame            Conj/Fire      #.......     24%         3    ###....
 Mephitic Cloud           Conj/Pois/Air  #.......     28%         3    ###....


Dungeon Overview and Level Annotations

Branches:
Dungeon (4/15)             Temple (1/1) D:4

Altars:
Ashenzari
Cheibriados
Dithmenos
Elyvilon
Fedhas
Gozag
Hepliaklqana
Kikubaaqudgha
Nemelex Xobeh
Qazlal
Ru
Sif Muna
Trog
Uskayaw
Vehumet
Wu Jian
Xom
Zin
The Shining One

Annotations:
D:2 exclusion: gnoll
D:3 exclusion: gnoll


Innate Abilities, Weirdness & Mutations

You cannot wear most types of armour.
You are very stealthy in the water. (Stealth+)
You are amphibious.
You can wear up to eight rings at the same time.
You can use your tentacles to constrict eight enemies at once.
Your skin changes colour to match your surroundings (Stealth+).
Your rubbery body absorbs attacks. (AC +1, EV +1)


Message History

The hound bites you.
* * * LOW HITPOINT WARNING * * *
Unknown command.
Casting: Magic Dart (safe; 4% risk of failure)
Confirm with . or Enter, or press ? or * to list all spells.
Aiming: Magic Dart (safe; 4% risk of failure)
Press: ? - help, Shift-Dir - straight line, f/p - hound
Aim: a hound (moderately wounded)
The magic dart hits the hound.
The hound is moderately wounded.
The hound completely misses you.
Casting: Magic Dart (safe; 4% risk of failure)
Confirm with . or Enter, or press ? or * to list all spells.
Aiming: Magic Dart (safe; 4% risk of failure)
Press: ? - help, Shift-Dir - straight line, f/p - hound
Aim: a hound (moderately wounded)
The magic dart hits the hound.
The hound is heavily wounded.
The hound bites you.
You die...

###
.$#
#.#
#.#
#.#
#.#
#h#
#@#
#.#
#.#
#.#
####
#.#
...#
#.#
...#
#.#
.%.#
#.#
...#
#.#


You could see a hound.

Vanquished Creatures
  An ogre (D:4)
  A bullfrog skeleton (D:4)
  6 adders
  An ooze (D:1)
  A worm (D:3)
  2 dart slugs (D:1)
  3 leopard geckos
  2 orcs
  5 ball pythons
  A hobgoblin (D:2)
  2 jackals (D:3)
  2 quokkas
  5 bats
  6 frilled lizards
  7 goblins
  6 kobolds
  6 rats
57 creatures vanquished.

Vanquished Creatures (collateral kills)
  2 orcs (D:3)
  2 goblins (D:3)
  A jackal (D:3)
5 creatures vanquished.

Grand Total: 62 creatures vanquished

Notes
Turn   | Place    | Note
-------+----------+-------------------------------------------
     0 | D:1      | Amnekian the Octopode Wizard began the quest for the Orb.
     0 | D:1      | Reached XP level 1. HP: 11/11 MP: 4/4
     0 | D:1      | Upgraded the game from 0.25-a0-571-gb5e01bddfa to
                  | 0.25-a0-576-g50b708a4c4
   365 | D:1      | Reached skill level 3 in Stealth
   518 | D:1      | Reached XP level 2. HP: 14/17 MP: 6/6
  1203 | D:1      | Reached XP level 3. HP: 17/21 MP: 7/7
  1579 | D:2      | Found a bloodstained altar of Trog.
  1598 | D:2      | Learned a level 2 spell: Call Imp
  1700 | D:2      | Reached skill level 4 in Stealth
  1700 | D:2      | Reached XP level 4. HP: 27/27 MP: 2/8
  3486 | D:4      | Reached XP level 5. HP: 31/31 MP: 9/9
  3515 | D:4      | Found a staircase to the Ecumenical Temple.
  3525 | Temple   | Entered the Ecumenical Temple
  3646 | Temple   | Became a worshipper of Elyvilon the Healer
  3777 | D:4      | Reached skill level 1 in Fighting
  3826 | D:4      | Noticed an ogre
  3901 | D:4      | HP: 1/33 [ogre/cursed -1 giant spiked club (21)]
  3903 | D:4      | Killed an ogre
  3903 | D:4      | Reached XP level 6. HP: 2/42 MP: 10/10
  3957 | D:4      | Slain by a hound

Levels and vault maps discovered:
D:1:      doesnt_arrival_eight_statues, layout_basic, hex_intersection
D:2:      layout_basic, bloody_trog
D:3:      kennysheep_goblin_castle, layout_loops_cross
D:4:      layout_basic, temple_doors_e, gup_sewer_entry_spiral, dk_vineyard_2,
          uniq_crazy_yiuf_cottage
Temple:   eino_narrow_crystal_temple

Skill      XL: |  1  2  3  4  5 |
---------------+----------------+-----
Stealth        | 3 4 |  4.7
Conjurations   | 2 |  2.8
Summonings     | 2 |  2.7
Fighting       | 3 |  3.0
Dodging        | |  2.0
Spellcasting   | |  3.0
Translocations | |  1.0

Action                   |  1- 3 |  4- 6 || total
-------------------------+-------+-------++-------
Melee: Unarmed           |    39 |       ||    39
       Constrict         |    11 |    14 ||    25
       Dagger            |    10 |    62 ||    72
       Tentacles         |       |     6 ||     6
Throw: Stone             |       |     5 ||     5
 Cast: Magic Dart        |    36 |    29 ||    65
       Call Imp          |       |     4 ||     4
Evoke: Wand              |       |     1 ||     1
  Use: Scroll            |       |     6 ||     6
       Potion            |       |     2 ||     2
 Stab: Sleeping          |     2 |    13 ||    15
  Eat: Chunk             |     2 |     7 ||     9
Armor: Skin              |     9 |    10 ||    19
Dodge: Dodged            |    32 |    37 ||    69

Table legend:
 A = Non-vault XP
 B = Vault XP
 C = Vault XP percentage of total XP
 D = Non-vault monster count
 E = Vault monster count
 F = Vault count percentage of total count
                 A         B        C        D         E       F
            +---------+---------+-------+---------+---------+-------
      Total |     323 |      13 |   3.9 |      54 |       8 |  12.9
            +---------+---------+-------+---------+---------+-------
        D:1 |      35 |       0 |   0.0 |      15 |       0 |   0.0
        D:2 |      53 |       0 |   0.0 |      13 |       0 |   0.0
        D:3 |      44 |      13 |  22.8 |      18 |       8 |  30.8
        D:4 |     191 |       0 |   0.0 |       8 |       0 |   0.0
            +---------+---------+-------+---------+---------+-------
